 Dungeon Crawl Stone Soup version 0.31.0-11-ge490571c62 (webtiles) character file.

Game seed: 718464027628432976

49 qw the Shooter (level 3, -9/20 HPs)
             Began as a Deep Elf Hunter on Feb 3, 2024.
             Killed by divine providence
             ... invoked by an orc priest
              (16 damage)
             ... on level 3 of the Dungeon.
             The game lasted 00:00:05 (1580 turns).

qw the Shooter (Deep Elf Hunter)                    Turns: 1580, Time: 00:00:05

Health: -9/20      AC:  7    Str: 10    XL:     3   Next: 53%
Magic:  5/5        EV: 12    Int: 13    God:
Gold:   94         SH:  0    Dex: 18    Spells: 2/2 levels left

rFire   . . .        a - +1 shortbow
rCold   . . .        (shield currently unavailable)
rNeg    . . .        c - +0 leather armour
rPois   .            (no helmet)
rElec   .            (no cloak)
rCorr   .            f - +0 pair of gloves
SInv    .            h - +2 pair of boots
Will    .....        (no amulet)
Stlth   ++           (no ring)
HPRegen 0.23/turn    (no ring)
MPRegen 0.09/turn

%: no passive effects
@: no status effects
A: no striking features
a: no special abilities


You were on level 3 of the Dungeon.
You visited 1 branch of the dungeon, and saw 3 of its levels.

You collected 94 gold pieces.


   Skills:
 - Level 1.5 Fighting
 + Level 7.1 Ranged Weapons
 - Level 2.4 Dodging
 - Level 1.2 Stealth


You had 2 spell levels left.
You didn't know any spells.
Your spell library was empty.

Inventory:

Hand Weapons
 a - a +1 shortbow (weapon)
Armour
 c - a +0 leather armour (worn)
 f - a +0 pair of gloves (worn)
 h - a +2 pair of boots (worn)
Scrolls
 e - 2 scrolls of identify
 k - a scroll of blinking {unknown}
Potions
 b - a potion of degeneration {unknown}
 d - a potion of curing
 g - a potion of mutation {unknown}
 i - a potion of ambrosia {unknown}
 j - a potion of enlightenment

Dungeon Overview and Level Annotations

Branches:
Dungeon (3/15)

Altars:
Dithmenos
Uskayaw

Shops:
D:3 (


Message History

The goblin misses you.
You shoot an arrow. The arrow closely misses the goblin.
The goblin hits you but does no damage.
You shoot an arrow. The arrow barely misses the goblin.
The goblin barely misses you.
You shoot an arrow. The arrow hits the goblin.
The goblin is severely wounded.
The goblin misses you.
You shoot an arrow. The arrow barely misses the goblin.
The goblin barely misses you.
You shoot an arrow. The arrow hits the goblin.
You kill the goblin!
Found a dagger.
You see here a +0 mace.
A quokka comes into view.
You shoot an arrow. The arrow hits the quokka!
You kill the quokka!
Found a stone staircase leading down.
There is a stone staircase leading down here.
There is an entrance to Fuick's Weapon Shop here.
There is an entrance to Fuick's Weapon Shop here.
There is a stone staircase leading down here.
You see here a +0 dagger.
An orc priest comes into view. It is wielding a +0 dagger.
The orc priest shouts!
You hear a shout! x3
You shoot an arrow.
The arrow closely misses the orc priest.
The orc priest mumbles some strange prayers to Beogh against you.
Beogh smites you!
Ouch! That really hurt!
An orc wizard comes into view. It is wielding a +0 dagger.
You shoot an arrow.
The arrow closely misses the orc priest.
The arrow hits the orc wizard.
The orc wizard is lightly wounded.
An orc comes into view. It is wielding a +0 short sword.
The orc priest invokes the aid of Beogh against you.
Beogh smites you!
Ouch! That really hurt!
You die...

.## ##.. ... #...
#.#####... #.#.#......
#..# #....... # ######.#
#...... #. ......#
##..... ##.##.##.....##
##.#....
.oo....@.....)###..##...
o..#..#.%......#.#......
.... #......#..#####...
...# ##.#..##.## #... ..
#....##.# #... #
#.#...#.#### #...
#.##.......###...
#.##..#.#........
..##..#..........


You could see an orc priest, an orc wizard and an orc.

Vanquished Creatures
  An adder (D:2)
  A dart slug (D:2)
  3 bats
  2 endoplasms
  3 giant cockroaches
  8 goblins
  3 hobgoblins
  A kobold (D:1)
  3 quokkas
  4 ball pythons
  A frilled lizard (D:2)
  2 rats (D:2)
32 creatures vanquished.

Notes
Turn   | Place    | Note
-------+----------+-------------------------------------------
     0 | D:1      | qw the Deep Elf Hunter began the quest for the Orb.
     0 | D:1      | Reached XP level 1. HP: 12/12 MP: 3/3
     0 | D:1      | 0 ||| qw: Version: 0.3-a-158-g18b3111
     0 | D:1      | 0 ||| qw: Game counter: 4145
     0 | D:1      | 0 ||| qw: Melee chars always use a shield: true
     0 | D:1      | 0 ||| qw: God list: Okawaru
     0 | D:1      | 0 ||| qw: Allow faded altars: false
     0 | D:1      | 0 ||| qw: Do Orc after clearing Dungeon:15 true
     0 | D:1      | 0 ||| qw: Do second Lair branch before Depths: true
     0 | D:1      | 0 ||| qw: Lair rune preference: random
     0 | D:1      | 0 ||| qw: Goals: Normal
     0 | D:1      | 0 ||| PLANNING D:1-11
   540 | D:1      | Reached XP level 2. HP: 16/16 MP: 4/4
   586 | D:1      | Reached skill level 6 in Ranged Weapons
   660 | D:1      | 660 ||| UPGRADING to +0 pair of gloves.
   665 | D:1      | 665 ||| READING 2 scrolls labelled DYHEIPIAGH.
   666 | D:1      | 666 ||| READING 2 scrolls labelled PAURAY YCUOKE.
   666 | D:1      | 666 ||| IDENTIFYING sapphire potion
   667 | D:1      | 667 ||| READING scroll of identify.
   667 | D:1      | 667 ||| IDENTIFYING scroll labelled VOUKADO TIFE
   668 | D:1      | 668 ||| READING scroll of enchant weapon.
   668 | D:1      | 668 ||| ENCHANTING +0 shortbow.
   669 | D:1      | 669 ||| READING scroll labelled OSCHOU SIEKKALO.
   770 | D:1      | 770 ||| READING scroll labelled FUOHES AFOR.
   771 | D:1      | 771 ||| DROPPING scroll of butterflies.
   772 | D:1      | 772 ||| DROPPING scroll of fear.
   902 | D:2      | Found a faded altar of an unknown god.
  1070 | D:2      | Found a shadowy altar of Dithmenos.
  1136 | D:2      | Reached XP level 3. HP: 15/20 MP: 5/5
  1204 | D:2      | 1204 ||| UPGRADING to +2 pair of boots.
  1209 | D:2      | 1209 ||| READING scroll labelled DOPTODU MUMIC.
  1214 | D:2      | 1214 ||| READING scroll labelled LOOMENIZACS.
  1215 | D:2      | 1215 ||| DRINKING 2 blue potions.
  1293 | D:3      | Reached skill level 7 in Ranged Weapons
  1311 | D:3      | Found a hide-covered altar of Uskayaw.
  1495 | D:3      | Found Fuick's Weapon Shop.
  1580 | D:3      | Killed from afar by an orc priest

Levels and vault maps discovered:
D:1:      dpeg_arrival_lava_temple_mockup, layout_basic, minmay_split_cup_small
D:2:      layout_rooms, shapermc_ecumenical_altar_flowoftime, basic_altar
D:3:      layout_loops_cross, nicolae_uskayaw_dance_hall,
          mainiacjoe_overflow_alcove_1, nicolae_overflow_crystal_walls,
          serial_shops, shop, amcnicky_mini_rare_corridor_liquid

Skill      XL: |  1  2  3 |
---------------+----------+-----
Ranged Weapons | 6 7 |  7.1
Fighting       | |  1.5
Dodging        | |  2.4
Stealth        | |  1.2

Action                     || total
---------------------------++-------
   Fire: Shortbow          ||    83
    Use: Scroll            ||     8
         Potion            ||     1
 Armour: Leather armour    ||    14
  Dodge: Dodged            ||    12

Table legend:
 A = Non-vault XP
 B = Vault XP
 C = Vault XP percentage of total XP
 D = Non-vault monster count
 E = Vault monster count
 F = Vault count percentage of total count
                 A         B        C        D         E       F
            +---------+---------+-------+---------+---------+-------
      Total |      66 |       5 |   7.0 |      29 |       3 |   9.4
            +---------+---------+-------+---------+---------+-------
        D:1 |      16 |       5 |  23.8 |       9 |       3 |  25.0
        D:2 |      34 |       0 |   0.0 |      12 |       0 |   0.0
        D:3 |      16 |       0 |   0.0 |       8 |       0 |   0.0
            +---------+---------+-------+---------+---------+-------
